 Dungeon Crawl Stone Soup version 0.31-a0-188-g5e087ee2ca (webtiles) character file.

Game seed: 11617941641661512254

445 qw the Skirmisher (level 6, -1/35 HPs)
             Began as a Deep Elf Hunter on June 23, 2023.
             Succumbed to a water moccasin's poison
             ... on level 5 of the Dungeon.
             The game lasted 00:01:32 (3992 turns).

qw the Skirmisher (Deep Elf Hunter)                 Turns: 3992, Time: 00:01:33

Health: -1/35      AC:  7    Str: 10    XL:     6   Next: 72%
Magic:  8/8        EV: 11    Int: 14    God:
Gold:   127        SH:  0    Dex: 18    Spells: 5/5 levels left

rFire   . . .        Y - +1 shortbow
rCold   . . .        (shield currently unavailable)
rNeg    . . .        j - +0 ring mail
rPois   .            (no helmet)
rElec   .            g - +0 cloak
rCorr   .            (no gloves)
SInv    .            e - +0 pair of boots
Will    .....        (no amulet)
Stlth   +            (no ring)
HPRegen 0.25/turn    (no ring)
MPRegen 0.11/turn

%: no passive effects
@: lethally poisoned (-1 -> -18), about to teleport
A: no striking features
a: no special abilities


You were on level 5 of the Dungeon.
You visited 2 branches of the dungeon, and saw 6 of its levels.

You collected 181 gold pieces.
You spent 54 gold pieces at shops.


   Skills:
 - Level 2.0 Fighting
 - Level 10.2 Ranged Weapons
 - Level 1.0 Armour
 + Level 2.4 Dodging
 - Level 1.2 Stealth


You had 5 spell levels left.
You didn't know any spells.
Your spell library was empty.

Inventory:

Hand Weapons
 Y - a +1 shortbow (weapon)
Armour
 e - a +0 pair of boots (worn)
 g - a +0 cloak (worn)
 j - a +0 ring mail (worn)
Scrolls
 b - a scroll of poison {unknown}
 c - 2 scrolls of teleportation
 d - a scroll of identify
Potions
 a - a potion of cancellation
 f - a potion of degeneration {unknown}
 i - a potion of might {unknown}
 k - a potion of heal wounds
 m - 2 potions of haste

Dungeon Overview and Level Annotations

Branches:
Dungeon (5/15)             Temple (1/1) D:4

Altars:
Ashenzari
Elyvilon
Gozag
Kikubaaqudgha
Qazlal
Ru
Sif Muna
Trog
Vehumet
Wu Jian
Xom

Shops:
D:4 [

Annotations:
D:3 1 runed translucent door, qw's ghost, amateur DEHu
D:4 1 runed translucent door, Crazy Yiuf


Message History

Enter note:
Enter note:
Found a stone staircase leading up.
There is a stone staircase leading down here.
Enter note:
Enter note:
Enter note: A water moccasin comes into view.
The water moccasin hisses angrily.
Enter note:
Enter note:
Enter note: You shoot an arrow.
The arrow closely misses the water moccasin.
The water moccasin bites you but does no damage.
You shoot an arrow.
The arrow hits the water moccasin but does no damage.
The water moccasin barely misses you. The water moccasin bites you.
You are poisoned.
The water moccasin poisons you!
You shoot an arrow.
The arrow barely misses the water moccasin.
You feel very sick.
The water moccasin completely misses you.
You shoot an arrow. The arrow hits the water moccasin.
The water moccasin is lightly wounded.
You feel sick. The water moccasin barely misses you.
You shoot an arrow.
The arrow closely misses the water moccasin.
You feel sick. The water moccasin bites you.
You are more poisoned.
The water moccasin poisons you! The water moccasin bites you!
You shoot an arrow.
The arrow closely misses the water moccasin.
You feel very sick. The water moccasin bites you!
The water moccasin misses you.
3992 ||| READING 3 scrolls of teleportation.
As you read the scroll of teleportation, it crumbles to dust.
You feel strangely unstable.
You die...

#.########.#
#.######.#.#
...>....)#.#
.#######.#.#
...........##########
.......[........>...#
.###......######.##<####
####.#..................
.....#..#.######@##.####
....##.........S.$......
..(.+..#..######....#.#.
....####.... .......#
..[.# #### #.####.#
....# ... .. ....#
#..####.### ....# #...
..... ##### #.. #..)#


You could see a water moccasin.

Vanquished Creatures
  A phantom (D:4)
  A scorpion (D:5)
  2 hounds (D:4)
  An orc wizard (D:4)
  8 gnolls (D:3)
  5 adders
  A worm (D:2)
  2 dart slugs
  10 orcs
  8 ball pythons
  5 bats
  6 endoplasms
  3 giant cockroaches
  8 goblins
  10 hobgoblins
  4 jackals (D:2)
  A quokka (D:2)
  2 frilled lizards (D:3)
  6 kobolds
  5 rats
89 creatures vanquished.

Notes
Turn   | Place    | Note
-------+----------+-------------------------------------------
     0 | D:1      | qw the Deep Elf Hunter began the quest for the Orb.
     0 | D:1      | Reached XP level 1. HP: 12/12 MP: 3/3
     0 | D:1      | 0 ||| qw: Version: 0.3-a-9-g12657ce
     0 | D:1      | 0 ||| qw: Game counter: 3277
     0 | D:1      | 0 ||| qw: Always use a shield: true
     0 | D:1      | 0 ||| qw: God list: Okawaru
     0 | D:1      | 0 ||| qw: Allow faded altars: false
     0 | D:1      | 0 ||| qw: Do Orc after D:15 true
     0 | D:1      | 0 ||| qw: Do second Lair branch before Depths: true
     0 | D:1      | 0 ||| qw: Lair rune preference: random
     0 | D:1      | 0 ||| qw: Plans: Normal
     0 | D:1      | 0 ||| PLANNING D:1-11
   254 | D:1      | Reached skill level 6 in Ranged Weapons
   254 | D:1      | Reached XP level 2. HP: 16/16 MP: 4/4
   568 | D:1      | 568 ||| UPGRADING to +0 cloak.
   573 | D:1      | 573 ||| READING 2 scrolls labelled YBAVAI WOVAPAGG.
   574 | D:1      | 574 ||| READING scroll labelled ZAPEONUBIWE.
   575 | D:1      | 575 ||| READING scroll labelled XAKOMM CYOPS.
   576 | D:1      | 576 ||| DROPPING scroll of noise.
   577 | D:1      | 577 ||| DROPPING scroll of butterflies.
   685 | D:2      | Reached XP level 3. HP: 20/20 MP: 5/5
   724 | D:2      | 724 ||| FLEEEEING.
   778 | D:2      | Reached skill level 7 in Ranged Weapons
   970 | D:2      | Found a shimmering blue altar of Sif Muna.
  1261 | D:2      | 1261 ||| UPGRADING to +0 ring mail.
  1271 | D:2      | 1271 ||| DROPPING +0 leather armour.
  1272 | D:2      | 1272 ||| DROPPING ring of flight.
  1273 | D:2      | 1273 ||| READING scroll labelled VUEHU SIRISK.
  1274 | D:2      | 1274 ||| READING scroll labelled ILLIAN FIOPN.
  1275 | D:2      | 1275 ||| READING scroll labelled PAUCOD GIOD.
  1276 | D:2      | 1276 ||| DRINKING 2 puce potions.
  1277 | D:2      | 1277 ||| READING 3 scrolls of identify.
  1277 | D:2      | 1277 ||| IDENTIFYING purple potion
  1278 | D:2      | 1278 ||| READING 2 scrolls of identify.
  1278 | D:2      | 1278 ||| IDENTIFYING white potion
  1279 | D:2      | 1279 ||| DROPPING potion of lignification.
  1280 | D:2      | 1280 ||| DROPPING potion of attraction.
  1302 | D:3      | Reached XP level 4. HP: 25/25 MP: 6/6
  1522 | D:3      | Noticed qw's ghost (amateur DEHu)
  1526 | D:3      | Found a runed translucent door.
  1653 | D:3      | Reached skill level 8 in Ranged Weapons
  1758 | D:3      | Reached XP level 5. HP: 29/29 MP: 7/7
  2435 | D:3      | 2435 ||| DROPPING scarf of harm.
  2436 | D:3      | 2436 ||| READING 4 scrolls labelled NOG BIKUQORIEH.
  2457 | D:3      | 2457 ||| READING scroll labelled AGESON OJOSOFFUPAI.
  2458 | D:3      | 2458 ||| READING scroll labelled NEGHOVVUSUY.
  2616 | D:4      | Found a staircase to the Ecumenical Temple.
  2617 | D:4      | 2617 ||| PLANNING TEMPLE
  2627 | Temple   | Entered the Ecumenical Temple
  2641 | Temple   | 2641 ||| PLANNING D:1-11
  2699 | D:4      | Reached skill level 9 in Ranged Weapons
  2828 | D:4      | Noticed a phantom
  2840 | D:4      | HP: 6/30 [phantom (6)]
  2841 | D:4      | 2841 ||| READING 3 scrolls of teleportation.
  2842 | D:4      | Killed a phantom
  2843 | D:4      | Reached XP level 6. HP: 8/35 MP: 8/8
  2843 | D:4      | 2843 ||| FLEEEEING.
  2993 | D:4      | 2993 ||| FLEEEEING.
  3098 | D:4      | Found Oqorint's Armour Emporium.
  3150 | D:4      | Found an ornate altar of the Wu Jian Council.
  3490 | D:4      | Found a runed translucent door.
  3491 | D:4      | Noticed Crazy Yiuf
  3599 | D:4      | 3599 ||| BUYING +0 pair of boots (54 gold).
  3599 | D:4      | Bought a +0 pair of boots for 54 gold pieces
  3599 | D:4      | 3599 ||| SHOPLISTING +1 hat of see invisible (192 gold,
                  | have 110).
  3691 | D:4      | 3691 ||| UPGRADING to +0 pair of boots.
  3696 | D:4      | 3696 ||| DRINKING 2 dark potions.
  3697 | D:4      | 3697 ||| READING 2 scrolls of identify.
  3697 | D:4      | 3697 ||| IDENTIFYING murky ruby potion
  3698 | D:4      | 3698 ||| DROPPING potion of brilliance.
  3830 | D:5      | Entered Level 5 of the Dungeon
  3881 | D:5      | Reached skill level 1 in Armour
  3951 | D:5      | Reached skill level 10 in Ranged Weapons
  3985 | D:5      | Noticed a water moccasin
  3991 | D:5      | HP: 2/35 [water moccasin (7)]
  3992 | D:5      | 3992 ||| READING 3 scrolls of teleportation.
  3992 | D:5      | Succumbed to a water moccasin's poison

Levels and vault maps discovered:
D:1:      dpeg_arrival_rhombus, layout_loops_ring
D:2:      layout_basic, basic_altar, minmay_heptomino_o4
D:3:      layout_basic, hellmonk_ghost_happy_afterlife, minmay_misc_feat_tiny,
          nrook_loot_triangle, serial_bayou_pond_e
D:4:      layout_loops_ring, nicolae_wu_jian_wuxing_cycle,
          minmay_temple_entry_wispy, nicolae_inconvenience_store,
          uniq_crazy_yiuf_cottage
D:5:      layout_basic, yredelemnul_altar_generic, uniq_ijyb, uniq_blork_the_orc
Temple:   hellmonk_temple_rainy

Skill      XL: |  1  2  3  4  5  6 |
---------------+-------------------+-----
Ranged Weapons | 6 7 8 9 10 | 10.2
Fighting       | 2 |  2.0
Armour         | 1 |  1.0
Dodging        | |  2.4
Stealth        | |  1.2

Action                     |  1- 3 |  4- 6 || total
---------------------------+-------+-------++-------
   Fire: Shortbow          |   113 |   225 ||   338
    Use: Scroll            |     8 |     6 ||    14
         Potion            |     1 |     1 ||     2
 Armour: Leather armour    |     7 |       ||     7
         Ring mail         |       |    39 ||    39
  Dodge: Dodged            |    16 |    76 ||    92

Table legend:
 A = Non-vault XP
 B = Vault XP
 C = Vault XP percentage of total XP
 D = Non-vault monster count
 E = Vault monster count
 F = Vault count percentage of total count
                 A         B        C        D         E       F
            +---------+---------+-------+---------+---------+-------
      Total |     620 |      16 |   2.5 |      86 |       3 |   3.4
            +---------+---------+-------+---------+---------+-------
        D:1 |      27 |       0 |   0.0 |      17 |       0 |   0.0
        D:2 |      52 |      16 |  23.5 |      21 |       3 |  12.5
        D:3 |     171 |       0 |   0.0 |      26 |       0 |   0.0
        D:4 |     267 |       0 |   0.0 |      19 |       0 |   0.0
        D:5 |     103 |       0 |   0.0 |       3 |       0 |   0.0
            +---------+---------+-------+---------+---------+-------
